Map: [ESL] Moondance

Players

Zoun - Winner!

  • Race: Protoss Protoss
  • Spawn Location: 6:00

HeroMarine

  • Race: Terran Terran
  • League: Master
  • Spawn Location: 12:00

Event: HomeStory Cup XXII

VOD

Have the link to the VOD?

Description

Time

  • Played on: Dec. 16, 2022, 10:55 a.m.
  • Length: 6:28

All games in this series

Show
View Real Time Build Order
Export as new Build Order

Zoun Protoss - Winner!

Build Orders: 1 Gate Expand, Phoenix Opening 

Get SALT Encoding   

  12  0:00  Probe  
  13  0:12  Probe  
  14  0:16  Pylon  
  14  0:24  Probe (Chrono Boost)  
  16  0:36  Gateway, Probe (Chrono Boost)  
  16  0:43  Probe (Chrono Boost)  
  16  0:45  Assimilator  
  17  0:51  Probe  
  18  1:03  Probe  
  19  1:15  Probe  
  20  1:24  Cybernetics Core  
  20  1:34  Nexus  
  20  1:35  Probe  
  21  1:42  Pylon  
  21  1:51  Probe, Assimilator  
  22  1:57  Adept (Chrono Boost)  
  24  2:03  Probe  
  25  2:15  Probe  
  26  2:20  Stargate  
  26  2:24  Adept  
  26  2:27  Probe  
  29  2:36  Warp Gate  
  29  2:40  Probe (Chrono Boost)  
  30  2:48  Shield Battery, Probe (Chrono Boost)  
  32  2:52  Probe (Chrono Boost)  
  32  2:54  Adept  
  35  2:58  Probe (Chrono Boost)  
  35  3:01  Probe (Chrono Boost)  
  35  3:05  Phoenix (Chrono Boost), Probe  
  40  3:12  Probe  
  40  3:15  Pylon  
  40  3:18  Probe  
  41  3:21  Gateway  
  41  3:26  Phoenix (Chrono Boost)  
  41  3:30  Probe  
  41  3:32  Probe  
  45  3:39  Twilight Council  
  45  3:45  Probe, Pylon  
  46  3:50  Shield Battery  
  46  3:54  Phoenix (Chrono Boost)  
  46  3:57  Probe  
  49  4:07  Gateway  
  49  4:11  Resonating Glaives (Chrono Boost)  
  49  4:12  Gateway  
  49  4:24  Adept  
  49  4:28  Pylon  
  49  4:29  Probe x2  
  49  4:30  Assimilator  
  53  4:32  Phoenix  
  53  4:38  Gateway  
  55  4:42  Gateway  
  55  4:46  Adept  
  57  4:57  Gateway  
  57  5:01  Adept x2  
  57  5:05  Pylon  
  61  5:07  Adept x2  
  64  5:29  Adept x4  
  64  5:30  Phoenix  
  64  5:34  Adept  
  74  5:36  Adept  
  76  5:49  Adept x4  
  60  6:05  Adept x2  
  60  6:07  Adept  
  66  6:11  Adept x3  
  66  6:14  Adept  
Show
View Real Time Build Order
Export as new Build Order

HeroMarine Terran 

Build Orders:  

Get SALT Encoding   

  12  0:00  SCV  
  13  0:12  SCV  
  14  0:17  Supply Depot  
  14  0:24  SCV  
  15  0:39  SCV  
  15  0:40  Barracks  
  16  0:43  Refinery  
  16  0:51  SCV  
  16  0:53  Refinery  
  17  1:03  SCV  
  18  1:15  SCV  
  19  1:27  Reaper, Orbital Command  
  19  1:29  Supply Depot  
  20  1:41  Factory  
  20  1:53  SCV  
  21  1:59  Reaper  
  22  2:05  SCV  
  23  2:16  Command Center  
  23  2:18  SCV  
  24  2:25  Hellion  
  26  2:31  SCV  
  27  2:40  Barracks Reactor  
  27  2:43  Supply Depot, SCV  
  27  2:47  Widow Mine  
  29  2:55  SCV  
  30  3:00  Starport  
  29  3:07  SCV  
  29  3:08  Factory Tech Lab  
  30  3:16  Marine x2  
  30  3:19  SCV  
  33  3:26  Cyclone  
  36  3:31  SCV  
  37  3:34  Supply Depot, Marine x2  
  37  3:36  Medivac  
  41  3:46  Orbital Command  
  41  3:50  SCV  
  41  3:52  Marine x2  
  44  3:59  Siege Tank  
  47  4:06  Supply Depot  
  47  4:09  Viking  
  49  4:10  Marine x2  
  51  4:19  Engineering Bay  
  51  4:28  Marine x2  
  51  4:31  Siege Tank  
  56  4:33  Supply Depot  
  58  4:42  Viking, SCV x2  
  60  4:45  Marine  
  60  4:46  Marine  
  60  4:48  Missile Turret  
  60  4:52  Missile Turret  
  62  4:54  SCV  
  62  4:55  SCV  
  64  5:03  Cyclone, Marine  
  64  5:04  Marine  
  69  5:07  SCV x2  
  69  5:12  Supply Depot  
  71  5:15  Viking  
  71  5:19  SCV  
  71  5:20  SCV  
  75  5:27  Marine x2  
  79  5:36  Bunker  
  79  5:38  Missile Turret  
  77  5:45  SCV, Marine x2  
  77  5:46  SCV  
  69  5:54  Siege Tank  
  56  5:58  SCV x2  
  56  6:03  Marine  
  47  6:06  Marine  
  47  6:07  Barracks  
  47  6:09  Starport Tech Lab  
  47  6:11  SCV x2  
  48  6:20  Barracks  
Tags
 
Add a new tag
Caveats
  • Supply blocks, unpowered buildings, or Contaminate may cause inaccurate times.
  • Supply counts are checked every 10 seconds.